 Dungeon Crawl Stone Soup version 0.30.0-18-gc0e69614cb (webtiles) character file.

Game seed: 16938020590024461911

309 KittyFluff the Cudgeller (level 6, -3/38 HPs)
             Began as a Gargoyle Berserker on May 24, 2023.
             Was a Priest of Trog.
             Slain by an orc
             ... wielding a +0 short sword
              (4 damage)
             ... on level 4 of the Dungeon.
             The game lasted 00:11:50 (2277 turns).

KittyFluff the Cudgeller (Gargoyle Berserker)       Turns: 2277, Time: 00:11:51

Health: -3/38      AC:  9    Str: 21    XL:     6   Next: 41%
Magic:  6/6        EV: 12    Int:  7    God:    Trog [***...]
Gold:   148        SH:  0    Dex: 11    Spells: 5/5 levels left

rFire   . . .        a - +1 mace
rCold   + . .        (no shield)
rNeg    + . .        j - +0 leather armour
rPois   ∞            (no helmet)
rElec   +            (no cloak)
rCorr   .            w - +0 pair of gloves
SInv    .            (no boots)
Will    +....        (no amulet)
Stlth   +            m - ring of protection from cold
HPRegen 0.26/turn    o - ring of willpower
MPRegen 0.10/turn

%: no passive effects
@: confused
A: sickness immunity, AC +4, negative energy resistance 1, electricity
resistance, torment resistance 1, petrification resistance
a: Renounce Religion, Berserk, Trog's Hand


You were on level 4 of the Dungeon.
You worshipped Trog.
Trog was most pleased with you.
You visited 1 branch of the dungeon, and saw 4 of its levels.

You collected 148 gold pieces.

Inventory:

Hand Weapons
 a - a +1 mace (weapon)
Missiles
 t - a throwing net (quivered)
 x - 5 javelins
Armour
 j - a +0 leather armour (worn)
 w - a +0 pair of gloves (worn)
Jewellery
 m - a ring of protection from cold (left hand)
 o - a ring of willpower (right hand)
Wands
 y - a wand of light (9)
Scrolls
 b - a scroll of noise {unknown}
 d - 2 scrolls of enchant weapon
 f - a scroll of fear {unknown}
 g - a scroll of enchant armour {unknown}
 k - 3 scrolls of vulnerability {unknown}
 p - a scroll of poison {unknown}
 q - 2 scrolls of blinking {unknown}
 s - 2 scrolls of teleportation {unknown}
 u - a scroll of immolation {unknown}
 v - 2 scrolls of silence {unknown}
 A - a scroll of amnesia {unknown}
Potions
 c - a potion of lignification
 e - 2 potions of haste
 h - 3 potions of attraction
 i - 4 potions of heal wounds
 l - 2 potions of flight
 n - 3 potions of mutation
 r - a potion of magic
 z - a potion of resistance {unknown}


   Skills:
 + Level 4.3 Fighting
 + Level 5.3 Maces & Flails
 * Level 3.7 Armour
 + Level 2.2 Dodging
 + Level 0.8 Stealth


You had 5 spell levels left.
You didn't know any spells.
Your spell library was empty.

Dungeon Overview and Level Annotations

Branches:
Dungeon (4/15)
 Temple: D:4-7

Altars:
Dithmenos
Okawaru
Sif Muna


Innate Abilities, Weirdness & Mutations

You are immune to sickness and miasma.
Your stone body is resilient. (AC +4)
You are immune to poison.
You resist negative energy. (rN+)
You are resistant to electric shocks. (rElec)
You are resistant to unholy torment.
You are immune to petrification.


Message History

The orc shouts!
You hear a shout!
The orc priest invokes the aid of Beogh against you.
Beogh smites you!
An orc comes into view. It is wielding a +0 dagger.
The orc shouts!
You hear some strange, mumbled words.
A magic dart appears from out of thin air!
The magic dart hits you!
The orc warrior hits you from afar with a +0 halberd!
The orc moves out of view.
You hear some strange, mumbled words.
A puff of flame appears from out of thin air!
The puff of flame hits you!
* * * LOW HITPOINT WARNING * * *
You hear some strange, mumbled words.
You are confused.
You bump into the rock wall.
You hear some strange, mumbled words.
You are more confused.
You bump into the rock wall.
You see here a book of Debilitation.
A puff of flame appears from out of thin air!
The puff of flame hits you.
* * * LOW HITPOINT WARNING * * *
You see here a book of Debilitation.
Something hits you but does no damage.
You hear some strange, mumbled words.
A puff of flame appears from out of thin air!
The puff of flame hits you.
* * * LOW HITPOINT WARNING * * *
You bump into the rock wall.
You're too confused to move!
You hear some strange, mumbled words.
A magic dart appears from out of thin air!
The magic dart hits you.
* * * LOW HITPOINT WARNING * * *
You bump into the rock wall.
You bump into the rock wall.
Something hits you.
* * * LOW HITPOINT WARNING * * *
The orc hits you with a +0 short sword.
You die...

########### #
##..>......... ###
#.o.#...#..#..
#.##
#{oo.oo.......
.#.#######
#@####.#######
#........# #.##
..o. ########.#
#..##.o.#.# #>#
##...##oo. # #.#
#...###$8.8 #.#
#...# #..(#. #†#
###..(# ....#.#
####.# #....##
#####.##.####.##.#


You could see an orc warrior, an orc priest and 3 orcs.

Vanquished Creatures
  Sigmund (D:2)
  A hound (D:4)
  An adder (D:2)
  An adder skeleton (D:3)
  5 worms
  4 dart slugs
  3 orcs
  5 ball pythons
  6 bats
  10 endoplasms
  3 giant cockroaches (D:3)
  3 hobgoblins
  5 jackals (D:1)
  A quokka (D:1)
  A ball python skeleton (D:3)
  3 frilled lizards
  A giant cockroach zombie (D:3)
  5 goblins
  A jackal skeleton (D:3)
  2 kobolds
  11 rats
73 creatures vanquished.

Notes
Turn   | Place    | Note
-------+----------+-------------------------------------------
     0 | D:1      | KittyFluff the Gargoyle Berserker began the quest for the
                  | Orb.
     0 | D:1      | Reached XP level 1. HP: 14/14 MP: 1/1
   169 | D:1      | Reached XP level 2. HP: 19/19 MP: 2/2
   498 | D:1      | Reached XP level 3. HP: 23/24 MP: 3/3
   659 | D:2      | Reached ** piety under Trog
   917 | D:2      | Noticed Sigmund
  1109 | D:2      | Killed Sigmund
  1110 | D:2      | Reached skill level 4 in Maces & Flails
  1110 | D:2      | Reached XP level 4. HP: 29/29 MP: 4/4
  1110 | D:2      | Reached XP level 5. HP: 33/33 MP: 5/5
  1168 | D:2      | Reached skill level 5 in Maces & Flails
  1168 | D:2      | Reached XP level 6. HP: 34/38 MP: 6/6
  1946 | D:3      | Reached *** piety under Trog
  2040 | D:4      | Found a shadowy altar of Dithmenos.
  2040 | D:4      | Found a shimmering blue altar of Sif Muna.
  2040 | D:4      | Found an iron altar of Okawaru.
  2263 | D:4      | Noticed an orc warrior
  2277 | D:4      | HP: 1/38 [something (1)]
  2277 | D:4      | Slain by an orc

Illustrated notes

Levels and vault maps discovered:
D:1:      ncdulo_watergridlock, layout_loops_cross
D:2:      layout_rooms, uniq_sigmund
D:3:      minmay_wonky_spiral, layout_basic, serial_undead, serial_undead_c,
          serial_undead_a, serial_undead_e, serial_undead_d
D:4:      layout_loops_corners, chequers_temple_overflow_statue_of_worship,
          nemelex_dance_club_becter, grunt_decor_mini_mirrors,
          guppyfry_early_orc_mine, uniq_ijyb, uniq_eustachio

Skill      XL: |  1  2  3  4  5 |
---------------+----------------+-----
Fighting       | 4 |  4.3
Maces & Flails | 4 5 |  5.3
Armour         | 3 |  3.7
Dodging        | 2 |  2.2
Stealth        | |  0.8

Action                     |  1- 3 |  4- 6 || total
---------------------------+-------+-------++-------
  Melee: Mace              |   104 |    97 ||   201
         Punch             |     1 |       ||     1
 Invoke: Berserk           |     1 |       ||     1
    Use: Scroll            |     5 |     3 ||     8
   Stab: Sleeping          |     1 |     1 ||     2
 Armour: Animal skin       |    19 |       ||    19
         Leather armour    |    18 |    46 ||    64
  Dodge: Dodged            |    61 |    60 ||   121
